 Dungeon Crawl Stone Soup version 0.31.0-32-g396128a36d (webtiles) character file.

Game seed: 15147091330439650929

900 Maxx the Sneak (level 7, -7/59 HPs)
             Began as a Black Draconian Brigand on Mar 26, 2024.
             Mangled by an ice beast (12 damage)
             ... on level 5 of the Dungeon.
             The game lasted 00:09:15 (3409 turns).

Maxx the Sneak (Black Draconian Brigand)            Turns: 3409, Time: 00:09:16

Health: -7/59      AC:  6    Str: 13    XL:     7   Next: 79%
Magic:  10/10      EV: 13    Int: 13    God:
Gold:   127        SH:  0    Dex: 13    Spells: 10/10 levels left

rFire   . . .        a - +3 dagger
rCold   . . .        (no shield)
rNeg    . . .        (body armour unavailable)
rPois   .            (helmet restricted)
rElec   +            j - scarf {repulsion}
rCorr   .            (no gloves)
SInv    .            (no boots)
Will    .....        (no amulet)
Stlth   +++          (no ring)
HPRegen 0.29/turn    (no ring)
MPRegen 0.12/turn

%: repel missiles
@: lethally poisoned (-7 -> -10), short of breath, slowed, very slow
A: breathe lightning, AC +6, unfitting armour, electricity resistance,
cold-blooded
a: Breathe Lightning


You were on level 5 of the Dungeon.
You visited 1 branch of the dungeon, and saw 5 of its levels.

You collected 127 gold pieces.

Inventory:

Hand Weapons
 a - a +3 dagger (weapon)
Missiles
 d - 3 curare-tipped darts (quivered)
Armour
 b - a +1 cloak
 j - a scarf of repulsion (worn)
Scrolls
 g - a scroll of immolation
Potions
 c - 2 potions of curing
 e - a potion of attraction {unknown}
 f - a potion of cancellation
 h - a potion of brilliance {unknown}
 i - a potion of mutation {unknown}
 k - a potion of enlightenment {unknown}
 l - a potion of degeneration {unknown}
 m - a potion of invisibility {unknown}


   Skills:
 * Level 4.0 Fighting
 * Level 4.7 Short Blades
 * Level 3.0 Throwing
 * Level 3.2 Dodging
 * Level 5.9 Stealth
 * Level 2.1 Spellcasting


You had 10 spell levels left.
You didn't know any spells.
Your spell library contained the following spells:

 Spells                   Type           Power      Damage    Failure   Level
 Apportation              Tloc           2%         N/A       26%         1
 Jinxbite                 Hex            2%         N/A       36%         2
 Anguish                  Hex/Necr       0%         N/A       94%         4
 Cause Fear               Hex            0%         N/A       94%         4
 Alistair's Intoxication  Alch           0%         N/A       100%        5
 Enfeeble                 Hex            0%         N/A       100%        7


Dungeon Overview and Level Annotations

Branches:
Dungeon (5/15)
 Temple: D:4-7

Altars:
Wu Jian

Shops:
D:1 [(!(


Innate Abilities, Weirdness & Mutations

You can breathe wild blasts of lightning.
Your glossy black scales are hard. (AC +6)
You cannot fit into any form of body armour.
You are resistant to electric shocks. (rElec)
You are cold-blooded and may be slowed by cold attacks.


Message History

a +0 shortbow; a +0 shortbow; a centaur corpse You hit the ice beast.
You tail-slap the ice beast.
The ice beast is lightly wounded.
An adder comes into view.
The ice beast hits you. The ice beast freezes you!
You barely miss the ice beast.
The adder hisses angrily.
Your tail-slap misses the ice beast.
The ice beast is lightly wounded.
The ice beast hits you but does no damage.
You hit the ice beast but do no damage.
The ice beast is lightly wounded.
Okay, then.
You feel better. The ice beast hits you. The ice beast freezes you!
You feel yourself slow down.
* * * LOW HITPOINT WARNING * * *
The adder barely misses you. The ice beast barely misses you.
The adder closely misses you.
You feel yourself speed up.
The ice beast attacks as it pursues you!
The ice beast hits you but does no damage.
The ice beast closely misses you.
You have got your breath back.
Activating: Breathe Lightning (5% risk of failure)
Press: ? - help, Dir - look around, f - activate You breathe a wild blast of lightning!
The orb of electricity explodes!
The orb of electricity engulfs you. You resist.
* * * LOW HITPOINT WARNING * * *
The orb of electricity engulfs the ice beast!
The ice beast is heavily wounded.
The orb of electricity engulfs the adder.
The adder is heavily wounded.
You hear a shout!
You hear an angry hiss.
The adder bites you.
* * * LOW HITPOINT WARNING * * *
You are poisoned.
The adder poisons you! The ice beast hits you.
* * * LOW HITPOINT WARNING * * *
The ice beast freezes you!
You feel yourself slow down.
You die...

#..#######.#
#........#.#.#
.......#.#.#.#
?........<#.#
........###.#
..##.##..##.#
#...##.##.#
#.#...#.##.####
..
#:#.)...S@[.# .
.. #.#...Y##.#
## ..##.#### #
#.##...
.......##
...#..#.#
##.###.#.# #.
#.#.# # #..


You could see an ice beast and an adder.

Vanquished Creatures
  Grinder (D:4)
  A steam dragon (D:4)
  2 centaurs (D:5)
  A phantom (D:4)
  2 scorpions (D:4)
  2 hounds (D:4)
  An orc priest (D:4)
  An orc wizard (D:4)
  4 adders
  A shadow imp (D:4)
  A ribbon worm (D:2)
  2 dart slugs (D:2)
  5 orcs (D:4)
  6 ball pythons
  7 bats
  8 endoplasms
  4 giant cockroaches
  5 goblins
  2 hobgoblins
  3 jackals (D:1)
  A quokka (D:4)
  10 frilled lizards
  8 kobolds
  6 rats
84 creatures vanquished.

Notes
Turn   | Place    | Note
-------+----------+-------------------------------------------
     0 | D:1      | Maxx the Draconian Brigand began the quest for the Orb.
     0 | D:1      | Reached XP level 1. HP: 17/17 MP: 1/1
    54 | D:1      | Reached skill level 1 in Dodging
   102 | D:1      | Found Oqamiuh's Distillery.
   199 | D:1      | Reached XP level 2. HP: 24/24 MP: 2/2
   251 | D:1      | Found Diruinun's Weapon Shop.
   308 | D:1      | Reached skill level 4 in Stealth
   333 | D:1      | Found Yqeuph's Antique Armour Shoppe.
   445 | D:1      | Found Ataniala's Antique Weapon Shop.
   466 | D:1      | Reached XP level 3. HP: 29/29 MP: 3/3
   637 | D:2      | Found a faded altar of an unknown god.
  1225 | D:2      | Reached XP level 4. HP: 29/37 MP: 4/4
  1681 | D:3      | Found an ornate altar of the Wu Jian Council.
  1745 | D:4      | Noticed a steam dragon
  1756 | D:4      | Killed a steam dragon
  1757 | D:4      | Reached skill level 1 in Spellcasting
  1757 | D:4      | Reached XP level 5. HP: 19/44 MP: 4/6
  2238 | D:4      | Noticed a phantom
  2261 | D:4      | Killed a phantom
  2262 | D:4      | Reached skill level 5 in Stealth
  2262 | D:4      | Reached XP level 6. HP: 27/51 MP: 7/7
  2782 | D:4      | Noticed Grinder
  2783 | D:4      | Paralysed by Grinder for 5 turns
  2815 | D:4      | Killed Grinder
  2816 | D:4      | Your scales start taking on a glossy black colour.
  2816 | D:4      | Reached XP level 7. HP: 36/58 MP: 9/9
  2816 | D:4      | Gained mutation: You are resistant to electric shocks.
                  | (rElec) [Black Draconian growth]
  3376 | D:5      | Entered Level 5 of the Dungeon
  3409 | D:5      | Mangled by an ice beast

Illustrated notes

Levels and vault maps discovered:
D:1:      dpeg_arrival_short_road, layout_rooms, serial_shops,
          nicolae_shop_trees, nicolae_shop_temple_entry_statues_fountains,
          nicolae_shop_behind_doors, nicolae_shop_statue_plus
D:2:      wad_crossroads, layout_basic, shapermc_ecumenical_altar_gd,
          reono_crystal_passage
D:3:      layout_loops_cross, marbit_many_paths
D:4:      layout_layer_cave, uniq_grinder
D:5:      layout_basic, serial_shops, nicolae_shop_real_fake_doors,
          minmay_strange_pillars, minmay_manual_mares

Skill      XL: |  1  2  3  4  5  6  7 |
---------------+----------------------+-----
Dodging        | 1 2 3 |  3.2
Stealth        | 4 5 |  5.9
Throwing       | 2 3 |  3.0
Short Blades   | 3 4 |  4.7
Spellcasting   | 1 2 |  2.1
Fighting       | 3 4 |  4.0

Action                     |  1- 3 |  4- 6 |  7- 9 || total
---------------------------+-------+-------+-------++-------
  Melee: Dagger            |   156 |   135 |    25 ||   316
         Tailslap          |    12 |    28 |     4 ||    44
         Punch             |       |     4 |     1 ||     5
  Throw: Dart              |       |     2 |       ||     2
Ability: Breathe Lightning |       |       |     3 ||     3
    Use: Scroll            |     8 |     2 |       ||    10
         Potion            |       |     2 |     1 ||     3
   Stab: Sleeping          |     6 |     8 |       ||    14
         Distracted        |       |     1 |       ||     1
 Armour: Skin              |    85 |    51 |    26 ||   162
  Dodge: Dodged            |    85 |    47 |    26 ||   158
